 Dungeon Crawl Stone Soup version 0.24-a0-582-g4d4af81 (webtiles) character file.

Game seed: 3050005514205886186

823 DrEnzyme the Bolt Thrower (level 7, -4/56 HPs)
             Began as a Demigod Wanderer on Aug 26, 2019.
             Slain by Duvessa
             ... wielding a +0 short sword
              (10 damage)
             ... on level 4 of the Dungeon.
             The game lasted 00:13:37 (3485 turns).

DrEnzyme the Bolt Thrower (Demigod Wanderer)        Turns: 3485, Time: 00:13:37

Health: -4/56      AC: 10    Str: 21      XL:     7   Next: 36%
Magic:  11/11      EV: 12    Int: 15      God:
Gold:   84         SH:  0    Dex: 13 (14) Spells: 8/8 levels left

rFire    + . .     SeeInvis .   a - +2 hand crossbow
rCold    + . .     Gourm    .   (no shield)
rNeg     . . .     Faith    .   r - +2 animal skin
rPois    .         Spirit   .   u - +0 helmet (curse)
rElec    .         Reflect  .   D - scarf {rC+ rF+}
rCorr    .         Harm     .   n - +0 pair of gloves
MR       .....                  (no boots)
Stlth    ++........             (no amulet)
HPRegen  0.18/turn              (no ring)
MPRegen  0.12/turn              (no ring)

@: no status effects
A: iridescent scales 1, slimy green scales 1, high mp 1
a: no special abilities


You were on level 4 of the Dungeon.
You were hungry.

You visited 1 branch of the dungeon, and saw 4 of its levels.

You collected 84 gold pieces.

Inventory:

Hand Weapons
 a - a +2 hand crossbow (weapon)
 b - a +2 spear of freezing
 j - a +1 dagger of protection
 k - a +0 hunting sling
 C - a +2 whip of electrocution
Missiles
 A - 54 bolts (quivered)
Armour
 e - a +0 robe
 l - a +0 shield
 n - a +0 pair of gloves (worn)
 r - a +2 animal skin (worn)
 u - a cursed +0 helmet (worn)
 D - a scarf of resistance (worn)
Jewellery
 z - an uncursed ring of protection from cold
Wands
 s - a wand of flame (18)
 w - a wand of random effects (25)
 y - a wand of iceblast (6)
Scrolls
 g - a scroll of magic mapping {unknown}
 h - 2 scrolls of remove curse
 i - a scroll of identify
 m - 2 scrolls of noise {unknown}
 o - 3 scrolls of fear {unknown}
 p - 2 scrolls of fog {unknown}
 t - a scroll of enchant armour {unknown}
 v - a scroll of random uselessness {unknown}
 B - a scroll of teleportation
Potions
 q - a potion of brilliance
 x - a potion of degeneration
Comestibles
 f - 5 rations


   Skills:
 * Level 2.8 Fighting
 + Level 0.7 Short Blades
 + Level 2.3 Polearms
 + Level 5.0 Crossbows
 + Level 2.7 Armour
 + Level 2.2 Dodging
 + Level 1.9 Stealth
 + Level 1.0 Shields
 + Level 1.1 Spellcasting
   Level 1.7 Hexes
   Level 1.7 Transmutations
 + Level 1.2 Evocations


You had 8 spell levels left.
You didn't know any spells.
Your spell library contained the following spells:

 Spells                   Type           Power        Failure   Level  Hunger
 Ensorcelled Hibernation  Hex/Ice        #.....       26%         2    ###....
 Throw Frost              Conj/Ice       #.....       36%         2    ###....


Dungeon Overview and Level Annotations

Branches:
Dungeon (4/15)
 Temple: D:4-7

Shops:
D:4 (

Annotations:
D:2 Sigmund
D:3 exclusion: upstairs
D:4 Duvessa


Innate Abilities, Weirdness & Mutations

You have an increased reservoir of magic. (+10% MP)
You are partially covered in iridescent scales. (AC +2)
You are partially covered in slimy green scales. (AC +2)


Message History

A - 54 bolts (gained 20) All of the chunks of flesh in your inventory have rotted away.
Duvessa, Sister of Dowan comes into view.
She is wielding a +0 short sword.
Duvessa goes berserk!
You hear a shout!
Found 20 gold pieces.
Duvessa rages.
Duvessa hits you with a +0 short sword! x2
There is a shaft, spattered with blood here.
Duvessa hits you with a +0 short sword. Duvessa hits you with a +0 short sword!
* * * LOW HITPOINT WARNING * * *
You feel better. Duvessa hits you but does no damage.
Duvessa hits you with a +0 short sword!
* * * LOW HITPOINT WARNING * * *
Duvessa hits you with a +0 short sword!
* * * LOW HITPOINT WARNING * * *
You feel better. Duvessa hits you but does no damage.
Duvessa hits you with a +0 short sword!
You die...

.......##.##....#####.#
#.# ..##.#..##)#.###>#
#.# #.# . #(#.......# #.#
##.# #.# # #..##.#.###.#
#..# #.# #..##.##....#
#[## #.# .... ..###.#.#
#.# #.# ## .#### #.#.#
#.### #.# p.# #.#.# #...#
#.# # #.#
#@#.######.####.#
#.##.####e#.............#
#.........########.######
####.##..## #<# #.##..#
#.# #.##..# #.#
########.##..# #.#
..$......##.^# #.#
#######..##..# #.#


You could see Duvessa (berserk).

Vanquished Creatures
  Pikel (D:4)
  A slave (D:4)
  A bullfrog (D:4)
  A howler monkey (D:4)
  A hound (D:4)
  An iguana (D:3)
  A worker ant (D:4)
  Natasha (thrice) (D:3)
  Robin (D:3)
  5 adders
  An ooze (D:2)
  2 worms
  7 orcs
  4 giant cockroaches
  16 goblins
  2 hobgoblins (D:3)
  9 jackals
  9 kobolds
  A quokka (D:2)
  4 bats
  2 frilled lizards
  5 rats
78 creatures vanquished.

Vanquished Creatures (others)
  A slave (D:4)
  Dowan (D:4)
  2 orcs (D:4)
  A quokka skeleton (D:4)
5 creatures vanquished.

Grand Total: 83 creatures vanquished

Notes
Turn   | Place    | Note
-------+----------+-------------------------------------------
     0 | D:1      | DrEnzyme the Demigod Wanderer began the quest for the Orb.
     0 | D:1      | DrEnzyme set off with the following items: a +2 hand
                  | crossbow, 30 bolts, a potion of curing, a +0 robe, a
                  | ration; and the following spells available to memorise:
                  | Ensorcelled Hibernation, Throw Frost
     0 | D:1      | Reached XP level 1. HP: 16/16 MP: 4/4
   345 | D:1      | Reached XP level 2. HP: 23/23 MP: 6/6
  1201 | D:2      | Reached skill level 2 in Crossbows
  1201 | D:2      | Reached XP level 3. HP: 27/29 MP: 7/7
  1764 | D:2      | Noticed Sigmund
  1938 | D:3      | Noticed Natasha
  1942 | D:3      | Killed Natasha
  1942 | D:3      | Reached skill level 3 in Crossbows
  1942 | D:3      | Reached XP level 4. HP: 25/36 MP: 8/8
  2087 | D:3      | Noticed Natasha
  2094 | D:3      | Killed Natasha
  2186 | D:3      | Noticed Natasha
  2190 | D:3      | Killed Natasha
  2190 | D:3      | Reached XP level 5. HP: 37/41 MP: 9/9
  2267 | D:3      | Noticed Robin
  2276 | D:3      | Reached skill level 4 in Crossbows
  2318 | D:2      | Gained mutation: You are partially covered in iridescent
                  | scales. (AC +2) [potion of mutation]
  2318 | D:2      | Gained mutation: You are partially covered in slimy green
                  | scales. (AC +2) [potion of mutation]
  2421 | D:3      | Killed Robin
  2793 | D:4      | Noticed an ogre
  3059 | D:4      | Reached skill level 1 in Dodging
  3059 | D:4      | Reached XP level 6. HP: 43/48 MP: 10/10
  3065 | D:4      | Found Taoxzick's Weapon Shoppe.
  3086 | D:4      | Noticed Dowan
  3168 | D:4      | Noticed Pikel
  3227 | D:4      | Killed Pikel
  3227 | D:4      | Reached skill level 5 in Crossbows
  3227 | D:4      | Reached skill level 1 in Evocations
  3227 | D:4      | Reached XP level 7. HP: 24/56 MP: 11/11
  3267 | D:4      | Killed Dowan
  3467 | D:4      | Noticed Duvessa
  3483 | D:4      | HP: 1/56 [Duvessa/+0 short sword (9)]
  3485 | D:4      | Slain by Duvessa

Levels and vault maps discovered:
D:1:      minmay_arrival_floating_metal, layout_basic, wad_floor_pattern_1
D:2:      layout_basic, first_ration, uniq_sigmund
D:3:      layout_basic, moated_statue, kennysheep_generic_room_15, uniq_natasha,
          uniq_robin
D:4:      layout_loops_ring, serial_shops, nicolae_shop_crystal, shop,
          grunt_decor_cap, st_stairs_4, uniq_pikel, uniq_blork_the_orc,
          uniq_duvessa

Skill      XL: |  1  2  3  4  5  6 |
---------------+-------------------+-----
Crossbows      | 2 3 4 5 |  5.0
Armour         | 2 |  2.7
Fighting       | 2 |  2.8
Dodging        | 1 2 |  2.2
Polearms       | 2 |  2.3
Evocations     | 1 |  1.2
Short Blades   | |  0.7
Stealth        | |  1.9
Shields        | |  1.0
Spellcasting   | |  1.1
Hexes          | |  1.7
Transmutations | |  1.7

Action                   |  1- 3 |  4- 6 |  7- 9 || total
-------------------------+-------+-------+-------++-------
Melee: Spear             |       |    60 |     6 ||    66
       Dagger            |       |    19 |       ||    19
 Fire: Hand crossbow     |    76 |    65 |       ||   141
Evoke: Wand              |       |    10 |     1 ||    11
  Use: Scroll            |     4 |     2 |       ||     6
       Potion            |       |     8 |     2 ||    10
 Stab: Sleeping          |       |     1 |       ||     1
  Eat: Chunk             |     3 |     4 |       ||     7
Armor: Ring mail         |    16 |    29 |       ||    45
       Animal skin       |       |    18 |     1 ||    19
Dodge: Dodged            |    29 |    82 |     4 ||   115

Table legend:
 A = Non-vault XP
 B = Vault XP
 C = Vault XP percentage of total XP
 D = Non-vault monster count
 E = Vault monster count
 F = Vault count percentage of total count
                 A         B        C        D         E       F
            +---------+---------+-------+---------+---------+-------
      Total |     495 |     681 |  57.9 |      62 |      15 |  19.5
            +---------+---------+-------+---------+---------+-------
        D:1 |      32 |       0 |   0.0 |      19 |       0 |   0.0
        D:2 |      48 |       2 |   4.0 |      11 |       1 |   8.3
        D:3 |     170 |      72 |  29.8 |      22 |      13 |  37.1
        D:4 |     245 |     607 |  71.2 |      10 |       1 |   9.1
            +---------+---------+-------+---------+---------+-------
